 Dungeon Crawl Stone Soup version 0.30-a0-918-g0ff054e9dc (webtiles) character file.

Game seed: 11989360597827711699

168 Ghaji the Covered (level 5, -7/47 HPs)
             Began as a Minotaur Fighter on Mar 20, 2023.
             Mangled by Iniera's ghost (15 damage)
             ... on level 3 of the Dungeon.
             The game lasted 00:09:11 (1501 turns).

Ghaji the Covered (Minotaur Fighter)                Turns: 1501, Time: 00:09:11

Health: -7/47      AC:  7    Str: 23    XL:     5   Next: 24%
Magic:  4/4        EV:  9    Int:  5    God:
Gold:   138        SH:  5    Dex: 12    Spells: 4/4 levels left

rFire   . . .      SeeInvis +    a - +0 war axe
rCold   + + .      Faith    .    c - +0 buckler
rNeg    . . .      Spirit   .    b - +0 scale mail
rPois   .          Reflect  .    (helmet restricted)
rElec   .          Rampage  .    (no cloak)
rCorr   .                        (no gloves)
Will    +....                    (no boots) Stlth
                                 (no amulet)
HPRegen 0.27/turn                j - ring of Woyjos {rC++ Will+ Dex+3 SInv}
MPRegen 0.09/turn                (no ring)

@: no status effects
A: horns 2, retaliatory headbutt
a: no special abilities


You were on level 3 of the Dungeon.
You visited 1 branch of the dungeon, and saw 3 of its levels.

You collected 138 gold pieces.

Inventory:

Hand Weapons
 a - a +0 war axe (weapon)
 n - a +0 club
Missiles
 g - 11 stones (quivered)
Armour
 b - a +0 scale mail (worn)
 c - a +0 buckler (worn)
 h - a +0 robe
 i - a +0 buckler
 m - a +0 leather armour
 r - a +1 robe of willpower
Jewellery
 j - the ring of Woyjos (left hand) {rC++ Will+ Dex+3 SInv}
   (You found it on level 2 of the Dungeon)

   [ring of willpower]

   Dex:       It affects your dexterity (+3).
   rC:        It greatly protects you from cold.
   SInv:      It lets you see invisible.
   Will:      It increases your willpower.
Scrolls
 k - a scroll of noise {unknown}
 l - a scroll of enchant weapon {unknown}
 p - a scroll of identify {unknown}
 q - 2 scrolls of teleportation {unknown}
Potions
 d - 2 potions of degeneration {unknown}
 e - 4 potions of attraction {unknown}
 f - 2 potions of curing {unknown}
 o - a potion of berserk rage {unknown}


   Skills:
 + Level 4.4 Fighting
 + Level 4.3 Axes
 + Level 4.9 Armour
 + Level 0.9 Dodging
 + Level 4.3 Shields


You had 4 spell levels left.
You didn't know any spells.
Your spell library contained the following spells:

 Spells                   Type           Power      Damage    Failure   Level
 Magic Dart               Conj           0%         1d3       86%         1
 Searing Ray              Conj           0%         2d4       95%         2
 Fulminant Prism          Conj/Hex       0%         3d5       100%        4


Dungeon Overview and Level Annotations

Branches:
Dungeon (3/15)

Altars:

Annotations:
D:3 Iniera's ghost, amateur DECj


Innate Abilities, Weirdness & Mutations

You have a pair of horns on your head.
You reflexively headbutt those who attack you in melee.


Message History

You barely miss the orc. The orc hits you with a +0 hand axe.
You barely miss the orc. You block the orc's attack.
You slash the orc!
You kill the orc!
You completely miss the orc.
The orc is moderately wounded.
You hit the orc. The orc hits you with a +0 club. You block the orc's attack.
You barely miss the orc.
The orc is moderately wounded.
You hit the orc. The orc hits you with a +0 club. You block the orc's attack.
You closely miss the orc.
The orc is moderately wounded.
You slash the orc!
You kill the orc!
The orc closely misses you. The orc hits you with a +0 hand axe.
You slash the orc!
You kill the orc!
Items here: )))) [[ ††.
Things that are here:
a +0 club; a +0 leather armour
Found 8 gold pieces.
Iniera's ghost turns its malevolent gaze towards you.
You open the door.
Iniera's ghost says, "Just let the darkness consume you."
Iniera's ghost completely misses you.
There is an open translucent door here.
You miss Iniera's ghost.
Iniera's ghost hits you but does no damage.
You blink.
Iniera's ghost casts a spell at you. The magic dart hits you.
Iniera's ghost gestures at you while chanting.
The magic dart hits you! Iniera's ghost hits you.
Space warps horribly around you!
* * * LOW HITPOINT WARNING * * *
There is an open translucent door here.
You barely miss Iniera's ghost. Iniera's ghost hits you.
* * * LOW HITPOINT WARNING * * *
Space warps horribly around you!
You die...

.......# .........#.##
#####'##.#........)..#
.........#........#).#
.#########.##...###..#
.# #...........# .#
#.........#.# .#
#.#.##....#.# ## #
#....#.# # ##@##..# #
#.W.#..# # #.~.#...# #
## #.~.#..## . ..
.##.~.#.## # #.#
.#.##.$.# # #.###
....##### #
##...##..#.. #
#..........#


You could see Iniera's ghost.

Vanquished Creatures
  Jessica (D:3)
  3 gnolls (D:3)
  5 adders
  2 worms (D:2)
  A dart slug (D:1)
  6 orcs (D:3)
  6 ball pythons
  6 endoplasms
  3 goblins
  4 hobgoblins
  3 quokkas
  8 bats
  2 frilled lizards (D:1)
  4 kobolds
  3 rats
57 creatures vanquished.

Notes
Turn   | Place    | Note
-------+----------+-------------------------------------------
     0 | D:1      | Ghaji the Minotaur Fighter began the quest for the Orb.
     0 | D:1      | Reached XP level 1. HP: 19/19 MP: 0/0
   127 | D:1      | Reached XP level 2. HP: 27/27 MP: 1/1
   752 | D:2      | Identified the ring of Woyjos {rC++ Will+ Dex+3 SInv}
   759 | D:2      | Reached XP level 3. HP: 33/33 MP: 2/2
  1118 | D:3      | Reached XP level 4. HP: 37/40 MP: 3/3
  1210 | D:3      | Noticed Jessica
  1221 | D:3      | Killed Jessica
  1236 | D:3      | Reached XP level 5. HP: 22/47 MP: 4/4
  1467 | D:3      | Found a runed translucent door.
  1492 | D:3      | Noticed Iniera's ghost (amateur DECj)
  1501 | D:3      | Mangled by Iniera's ghost

Illustrated notes

Levels and vault maps discovered:
D:1:      dpeg_arrival_refuge, layout_basic
D:2:      layout_basic
D:3:      layout_loops_ring, ebering_ghost_reflecting_pool, minivault_25,
          uniq_jessica

Skill      XL: |  1  2  3  4 |
---------------+-------------+-----
Fighting       | 4 |  4.4
Armour         | 4 |  4.9
Shields        | 4 |  4.3
Axes           | 3 4 |  4.3
Dodging        | |  0.9

Action                     |  1- 3 |  4- 6 || total
---------------------------+-------+-------++-------
  Melee: War axe           |    75 |    61 ||   136
         Headbutt          |     9 |     5 ||    14
    Use: Potion            |     1 |       ||     1
 Armour: Scale mail        |    36 |    27 ||    63
  Dodge: Dodged            |    37 |    24 ||    61
  Block: Buckler           |    23 |    24 ||    47

Table legend: (Time is in decaauts)
 A = Elapsed time spent in this place.
 B = Non-inter-level travel time spent in this place.
 C = Inter-level travel time spent in this place.
 D = Time resting spent in this place.
 E = Time spent auto-exploring this place.
 F = Levels seen in this place.
 G = Mean time per level.
                   A        B        C        D        E       F      G
               +--------+--------+--------+--------+--------+-----+--------+
         Total |   1549 |   1549 |      0 |    100 |      0 |   3 |  516.3 |
       Dungeon |   1549 |   1549 |      0 |    100 |      0 |   3 |  516.3 |
               +--------+--------+--------+--------+--------+-----+--------+

Top non-repeatable levels by time:
     D:1: 746 daAuts
     D:3: 436 daAuts
     D:2: 366 daAuts
